 Dungeon Crawl Stone Soup version 0.26-b1-32-g5d43845318 (webtiles) character file.

Game seed: 10484518684652397541

95 jmlagarto the Shield-Bearer (level 4, -1/37 HPs)
             Began as a Formicid Fighter on Jan 10, 2021.
             Slain by Natasha (3 damage)
             ... on level 2 of the Dungeon.
             The game lasted 00:04:53 (1338 turns).

jmlagarto the Shield-Bearer (Formicid Fighter)      Turns: 1338, Time: 00:04:54

Health: -1/37      AC:  7    Str: 21    XL:     4   Next: 95%
Magic:  4/4        EV:  8    Int:  8    God:
Gold:   41         SH:  9    Dex: 10    Spells: 3/3 levels left

rFire    . . .     SeeInvis +   g - +2 short sword (venom)
rCold    . . .     Faith    .   c - +0 kite shield
rNeg     . . .     Spirit   .   b - +0 scale mail
rPois    .         Reflect  .   (helmet unavailable)
rElec    .         Harm     .   (no cloak)
rCorr    .         Rampage  .   (no gloves)
Will     .....                  (no boots)
Stlth    ..........             (no amulet)
HPRegen  0.12/turn              (no ring)
MPRegen  0.09/turn              (no ring)

@: mighty
A: permanent stasis, dig shafts and tunnels, four strong arms, antennae 3
a: Dig, Shaft Self


You were on level 2 of the Dungeon.
You visited 1 branch of the dungeon, and saw 2 of its levels.

You collected 41 gold pieces.

Inventory:

Hand Weapons
 a - a +0 flail
 g - a +2 short sword of venom (weapon)
Missiles
 f - 14 stones
 i - 40 poisoned darts
Armour
 b - a +0 scale mail (worn)
 c - a +0 kite shield (worn)
Scrolls
 e - 2 scrolls of teleportation {unknown}
 h - a scroll of amnesia {unknown}
Potions
 l - a potion of lignification {unknown}


   Skills:
 + Level 3.7 Fighting
 + Level 0.2 Short Blades
 + Level 3.2 Maces & Flails
 + Level 3.8 Armour
 + Level 0.4 Dodging
 + Level 0.3 Stealth
 + Level 4.3 Shields


You had 3 spell levels left.
You didn't know any spells.
Your spell library was empty.

Dungeon Overview and Level Annotations

Branches:
Dungeon (2/15)

Altars:

Annotations:
D:2 Natasha


Innate Abilities, Weirdness & Mutations

You cannot be hasted, slowed, berserked, paralysed or teleported.
You can dig through walls and to a lower floor.
Your four strong arms can wield two-handed weapons with a shield.
You have a pair of large antennae on your head. (SInv)


Message History

Natasha zaps a wand.
The puff of flame misses you.
You hit Natasha.
Natasha is lightly wounded.
The goblin no longer looks unusually strong.
Natasha mumbles some strange words.
You barely miss Natasha.
Natasha is lightly wounded.
The hobgoblin no longer looks unusually strong.
Natasha hisses.
Natasha casts a spell at you.
The magic dart hits you but does no damage.
The white imp gestures at you. The puff of frost hits you!
* * * LOW HITPOINT WARNING * * *
You barely miss the white imp. Natasha barely misses you.
You block the white imp's attack.
You barely miss the white imp.
The shadow imp disappears in a puff of smoke!
Natasha claws you.
You die...

####### { { { ..... #.#
... #.# #.# #.# ##.##
###### { { {
#.###.#.####....#######
#.#..###.5@hg#####....####
#.#.#.#.#####g5().........
#.#.##.######.####....####
#...##.... ..#.......##
##..###.##.##.....(.##
#..##.#.# ##......!#
#..#.###..##.....g.###
#....[.##........(>..#
####...#...#.......#.#


You could see Natasha, 2 white imps, a hobgoblin and a goblin.

Vanquished Creatures
  Natasha (D:2)
  Robin (D:2)
  An ooze (D:1)
  A worm (D:2)
  3 leopard geckos
  7 bats
  10 goblins
  7 hobgoblins
  6 kobolds
  A quokka (D:2)
  3 frilled lizards
  3 rats
44 creatures vanquished.

Notes
Turn   | Place    | Note
-------+----------+-------------------------------------------
     0 | D:1      | jmlagarto the Formicid Fighter began the quest for the Orb.
     0 | D:1      | Reached XP level 1. HP: 18/18 MP: 1/1
   207 | D:1      | Reached XP level 2. HP: 16/24 MP: 2/2
   595 | D:1      | You fall into a shaft and drop 1 floor!
   952 | D:1      | Reached skill level 4 in Shields
   954 | D:1      | Reached XP level 3. HP: 28/29 MP: 3/3
  1250 | D:2      | Noticed Natasha
  1260 | D:2      | Killed Natasha
  1261 | D:2      | Reached XP level 4. HP: 37/37 MP: 4/4
  1289 | D:2      | Noticed Robin
  1316 | D:2      | Noticed Natasha
  1333 | D:2      | Killed Robin
  1338 | D:2      | Slain by Natasha

Illustrated notes

Levels and vault maps discovered:
D:1:      shiori_arrival_elements, layout_loops_cross, kennysheep_minor_cross
D:2:      layout_loops_ring, general_overflow_altar, okawaru_altar_gauntlet_db,
          uniq_robin, uniq_natasha

Skill      XL: |  1  2  3  4 |
---------------+-------------+-----
Shields        | 4 |  4.3
Maces & Flails | 3 |  3.2
Fighting       | |  3.7
Short Blades   | |  0.2
Armour         | |  3.8
Dodging        | |  0.4
Stealth        | |  0.3

Action                   |  1- 3 |  4- 6 || total
-------------------------+-------+-------++-------
Melee: Flail             |   123 |       ||   123
       Short sword       |     6 |    38 ||    44
  Use: Scroll            |     2 |       ||     2
       Potion            |       |     1 ||     1
Armor: Scale mail        |    80 |    17 ||    97
Dodge: Dodged            |    69 |    15 ||    84
Block: Kite shield       |    77 |    24 ||   101
